AoeStats
← Huesofeo

Arena

510203075Analyzed
3v3 RM · 2d ago on Sep 29, 2026· 23m 57s· 6 players
Game mode
Random Map
Map size
Normal (6 player)
Population
200
Speed
Normal
Resources
Standard
Victory
Conquest
Starting age
Dark Age
Ending age
Imperial Age
RankedLock teamsTeams togetherTeam positionsShared explorationLock speedFull tech treeHidden civsTurbo modeCheats
Victory
Defeat
🇵🇪 Cumans · Peru
1093
+10
🇨🇴 Spanish · Colombia
964
+15
🇨🇴 Romans · Colombia
956
+15
🇨🇴 Mongols · Colombia
1093
-18
🇪🇸 Armenians · Spain
1069
-17
🇨🇴 Bohemians · Colombia
682
-5
Neor2526
5:49 Loom
8:48 Feudal Age
11:52 Man-at-Arms
18:06 Fletching
23:59 Wheelbarrow
TETE SKEDAR
10:21 Feudal Age
14:31 Castle Age
13:42 Loom
13:51 Double-Bit Axe
Caligula
0:27 Loom
12:45 Feudal Age
14:05 Wheelbarrow
13:16 Town Watch
13:22 Double-Bit Axe
13:41 Horse Collar
Huesofeo
8:21 Loom
12:39 Feudal Age
14:31 Man-at-Arms
EminenceShadow
6:05 Loom
10:21 Feudal Age
10:56 Double-Bit Axe
16:18 Wheelbarrow
16:14 Horse Collar
17:59 Horse Collar
18:12 Gold Mining
lachanda420
3:38 Loom
10:29 Feudal Age
10:54 Man-at-Arms
14:39 Scale Mail Armor
20:23 Forging
Connection lost

Rejoining the realm…

Still unreachable

The connection could not be restored.

Session expired

The server has moved on; the page needs a fresh start.